 Dungeon Crawl Stone Soup version 0.22.1 (webtiles) character file.

118 Ghost6211 the Poker (level 4, -1/41 HPs)
             Began as a Minotaur Chaos Knight on Sept 17, 2018.
             Succumbed to a water moccasin's poison
             ... on level 2 of the Dungeon.
             The game lasted 00:02:26 (894 turns).

Ghost6211 the Poker (Minotaur Chaos Knight)          Turns: 894, Time: 00:02:26

Health: -1/41      AC:  5    Str: 17    XL:     4   Next: 72%
Magic:  3/3        EV: 11    Int: 11    God:    Xom [.*....]
Gold:   90         SH:  0    Dex: 14    Spells: 3/3 levels left

rFire    . . .     SeeInvis .   a - +0 spear (chaos)
rCold    . . .     Gourm    .   (no shield)
rNeg     . . .     Faith    .   b - +2 leather armour
rPois    .         Spirit   .   (helmet restricted)
rElec    .         Reflect  .   (no cloak)
rCorr    .         Harm     .   (no gloves)
MR       .....     Clarity  +   (no boots)
Stlth    +.........             f - amulet of regeneration
HPRegen  0.53/turn              (no ring)
MPRegen  0.08/turn              (no ring)

@: lethally poisoned (-1 -> -25)
A: retaliatory headbutt, horns 2, agile 2, clarity, clever 1
a: Renounce Religion


You were on level 2 of the Dungeon.
You worshipped Xom.
You were a plaything of Xom.
You were not hungry.

You visited 1 branch of the dungeon, and saw 2 of its levels.

You collected 90 gold pieces.

Inventory:

Hand Weapons
 a - a +0 spear of chaos (weapon)
Missiles
 g - 40 stones (quivered)
Armour
 b - a +2 leather armour (worn)
Jewellery
 f - an amulet of regeneration (around neck)
Scrolls
 e - a scroll of remove curse {unknown}
 i - a scroll of teleportation {unknown}
 k - a scroll of magic mapping {unknown}
Potions
 d - a potion of flight {unknown}
 h - 2 potions of haste {unknown}
 j - a potion of lignification {unknown}
Comestibles
 c - 5 rations


   Skills:
 + Level 4.5 Fighting
 + Level 4.6 Polearms
 * Level 4.5 Armour
 - Level 1.1 Dodging


You had 3 spell levels left.
You didn't know any spells.
Your spell library was empty.

Dungeon Overview and Level Annotations

Branches:
Dungeon (2/15)

Altars:


Innate Abilities, Weirdness & Mutations

You reflexively headbutt those who attack you in melee.
You have a pair of horns on your head.
You are very agile. (Dex +4)
You possess an exceptional clarity of mind.
Your mind is acute. (Int +2)


Message History

You hit the water moccasin.
You feel better.
The water moccasin is lightly wounded.
You feel sick. The water moccasin bites you.
* * * LOW HITPOINT WARNING * * *
You are lethally poisoned!
The water moccasin poisons you!
You hit the water moccasin. You burn the water moccasin.
Your headbutt misses the water moccasin.
The water moccasin is moderately wounded.
* * * LOW HITPOINT WARNING * * *
You feel sick. The water moccasin bites you!
* * * LOW HITPOINT WARNING * * *
You are more poisoned.
The water moccasin poisons you!
You hit the water moccasin but do no damage.
The water moccasin is poisoned.
Your headbutt misses the water moccasin.
The water moccasin is moderately wounded.
You die...
Xom bursts into laughter!

...........†....).......
#####.........(..(.....
.........((†....###
........(......(# ##
..............(.# .#
..........(...(.# .#
######..........# .#
#.......S..# .#
#.......@..# .#
#..........# .#
#...........# .#
#####.#.....# ##
#.#.....# # #.....[.. #
##........ # #........#
# ...


You could see a water moccasin shaped shifter.

Vanquished Creatures
  3 gnolls (D:2)
  2 adders (D:2)
  An ooze (D:1)
  A worm (D:2)
  7 dart slugs
  A leopard gecko (D:1)
  7 bats
  2 giant cockroaches (D:2)
  7 hobgoblins
  4 jackals (D:1)
  A ball python (D:1)
  A frilled lizard (D:1)
  5 goblins
  8 kobolds
  3 rats
53 creatures vanquished.

Notes
Turn   | Place    | Note
-------+----------+-------------------------------------------
     0 | D:1      | Ghost6211 the Minotaur Chaos Knight began the quest for the
                  | Orb.
     0 | D:1      | Reached XP level 1. HP: 19/19 MP: 0/0
    10 | D:1      | XOM: potion effect (heal wounds)
    20 | D:1      | Reached XP level 2. HP: 20/27 MP: 1/1
   225 | D:1      | XOM: divination: detect items
   231 | D:1      | Reached XP level 3. HP: 25/33 MP: 2/2
   386 | D:1      | XOM: 1-stop teleportation journey
   678 | D:2      | XOM: give mutations
   678 | D:2      | Gained mutation: You are agile. (Dex +2) [Xom's grace]
   678 | D:2      | Gained mutation: You possess an exceptional clarity of
                  | mind. [Xom's grace]
   678 | D:2      | Gained mutation: Your mind is acute. (Int +2) [Xom's grace]
   678 | D:2      | Gained mutation: You are very agile. (Dex +4) [Xom's grace]
   719 | D:2      | XOM: silly message
   740 | D:2      | Reached XP level 4. HP: 40/41 MP: 3/3
   793 | D:2      | XOM: silly message
   882 | D:2      | Noticed a centaur
   890 | D:2      | Noticed a water moccasin
   890 | D:2      | a centaur changed into a water moccasin
   893 | D:2      | HP: 2/41 [water moccasin (glowing shapeshifter) (7)]
   894 | D:2      | Succumbed to a water moccasin's poison

Skill      XL: |  1  2  3 |
---------------+----------+-----
Armour         | 3 4 |  4.5
Fighting       | 4 |  4.5
Polearms       | 4 |  4.6
Dodging        | |  1.1

Action                   |  1- 3 |  4- 6 || total
-------------------------+-------+-------++-------
Melee: Spear             |   102 |    30 ||   132
       Headbutt          |    15 |     6 ||    21
 Stab: Paralysed         |     1 |       ||     1
Armor: Leather armour    |    22 |     9 ||    31
Dodge: Dodged            |    41 |    23 ||    64
